 Dungeon Crawl Stone Soup version 0.29-a0-925-g0a7a3d12f8 (webtiles) character file.

Game seed: 2337378160701981969

332 dracfodder the Digger (level 6, -5/32 HPs)
             Began as a Gargoyle Earth Elementalist on July 28, 2022.
             Slain by Edmund
             ... wielding a +8 dire flail of holy wrath
              (12 damage)
             ... on level 4 of the Dungeon.
             The game lasted 00:20:17 (3256 turns).

dracfodder the Digger (Gargoyle Earth Elementalist) Turns: 3256, Time: 00:20:18

Health: -5/32      AC:  7    Str: 15    XL:     6   Next: 52%
Magic:  5/11       EV: 12    Int: 17    God:
Gold:   238        SH:  0    Dex: 10    Spells: 5/11 levels left

rFire   + . .      SeeInvis .   d - +1 short sword
rCold   . . .      Faith    .   (no shield)
rNeg    + . .      Spirit   .   o - +1 robe of the Undertaker {rPois Str+3}
rPois   ∞          Reflect  .   (no helmet)
rElec   +          Harm     .   (no cloak)
rCorr   .          Rampage  .   (no gloves)
Will    +....                   (no boots)
Stlth   ++........              (no amulet)
HPRegen 0.10/turn               u - ring of willpower
MPRegen 0.12/turn               a - ring of protection from fire

@: no status effects
A: sickness immunity, AC +4, negative energy resistance 1, electricity
resistance, torment resistance 1, petrification resistance
a: no special abilities


You were on level 4 of the Dungeon.
You visited 1 branch of the dungeon, and saw 4 of its levels.
You also visited: Sewer.

You collected 238 gold pieces.

Inventory:

Hand Weapons
 d - a +1 short sword (weapon)
Missiles
 e - 39 stones
 k - 14 poisoned darts
 t - a throwing net
Armour
 f - the +2 ratskin cloak {*Rats rPois rN+ Str-1 Int-1 Dex+1}
   (You found it on level 2 of the Dungeon)

   When the wearer is hurt, rats may emerge from it to assist them.
   Str:       It affects your strength (-1).
   Int:       It affects your intelligence (-1).
   Dex:       It affects your dexterity (+1).
   rPois:     It protects you from poison.
   rN:        It protects you from negative energy.
 o - the +1 robe of the Undertaker (worn) {rPois Str+3}
   (You found it on level 2 of the Dungeon)

   Str:       It affects your strength (+3).
   rPois:     It protects you from poison.
Jewellery
 a - a ring of protection from fire (right hand)
 u - a ring of willpower (left hand)
Scrolls
 c - 5 scrolls of teleportation
 g - a scroll of fear {unknown}
 h - a scroll of fog {unknown}
 i - a scroll of poison {unknown}
 p - a scroll of magic mapping
 v - a scroll of enchant armour {unknown}
Potions
 b - 2 potions of magic
 j - a potion of curing
 l - 3 potions of cancellation
 m - 3 potions of heal wounds
 q - a potion of might {unknown}
 r - 2 potions of brilliance {unknown}
 s - a potion of ambrosia {unknown}


   Skills:
 + Level 0.7 Throwing
 + Level 0.1 Armour
 + Level 1.6 Dodging
 + Level 2.4 Stealth
 + Level 3.4 Spellcasting
 * Level 2.2 Conjurations
 + Level 0.7 Transmutations
 * Level 6.7 Earth Magic


You had 5 spell levels left.
You knew the following spells:

 Your Spells              Type           Power      Damage    Failure   Level
a - Sandblast             Erth           50%        2d12      1%          1
b - Stone Arrow           Conj/Erth      36%        3d9       8%          3
c - Passwall              Tmut/Erth      12%        N/A       5%          2

Your spell library contained the following spells:

 Spells                   Type           Power      Damage    Failure   Level
 Petrify                  Tmut/Erth      15%        N/A       34%         4
 Mephitic Cloud           Conj/Pois/Air  5%         N/A       36%         3
 Ignite Poison            Fire/Tmut/Pois 3%         N/A       41%         3
 Ozocubu's Armour         Ice            2%         N/A       45%         3
 Freezing Cloud           Conj/Ice/Air   2%         6-21      98%         5
 Ozocubu's Refrigeration  Ice            1%         4d5       100%        7


Dungeon Overview and Level Annotations

Branches:
Dungeon (4/15)              Sewer (visited)
 Temple: D:4-7

Altars:

Annotations:
D:4 Edmund


Innate Abilities, Weirdness & Mutations

You are immune to sickness and miasma.
Your stone body is resilient. (AC +4)
You are immune to poison.
You resist negative energy. (rN+)
You are resistant to electric shocks. (rElec)
You are resistant to unholy torment.
You are immune to petrification.


Message History

The blast of sand hits the ball python!
You kill the ball python!
Throw: dart (curare)
Press: ? - help, Shift-Dir - straight line, f - Edmund
Aim: Edmund, wielding a +8 dire flail of holy wrath and wearing a +0 scale mail (58% to hit)
You throw a curare-tipped dart.
The curare-tipped dart barely misses Edmund.
Aiming: Sandblast (safe; 1% risk of failure)
Press: ? - help, Q - select action, (/) - cycle Shift-Dir - straight line, f/p - Edmund
Aim: Edmund, wielding a +8 dire flail of holy wrath and wearing a +0 scale mail (85% to hit)
The blast of sand misses Edmund.
Edmund barely misses you.
Aiming: Sandblast (safe; 1% risk of failure)
Press: ? - help, Q - select action, (/) - cycle Shift-Dir - straight line, f/p - Edmund
Aim: Edmund, wielding a +8 dire flail of holy wrath and wearing a +0 scale mail (85% to hit)
The blast of sand hits Edmund!
Edmund is moderately wounded.
Edmund barely misses you.
Edmund hits you with a +8 dire flail of holy wrath!
Aiming: Sandblast (safe; 1% risk of failure)
Press: ? - help, Q - select action, (/) - cycle Shift-Dir - straight line, f/p - Edmund
Aim: Edmund, wielding a +8 dire flail of holy wrath and wearing a +0 scale mail (moderately wounded, 85% to hit)
The blast of sand hits Edmund.
Edmund is moderately wounded.
Edmund closely misses you.
Edmund hits you with a +8 dire flail of holy wrath.
Aiming: Sandblast (safe; 1% risk of failure)
Press: ? - help, Q - select action, (/) - cycle Shift-Dir - straight line, f/p - Edmund
Aim: Edmund, wielding a +8 dire flail of holy wrath and wearing a +0 scale mail (moderately wounded, 85% to hit)
The blast of sand hits Edmund!
Edmund is heavily wounded.
Edmund hits you with a +8 dire flail of holy wrath.
Edmund hits you with a +8 dire flail of holy wrath!
* * * LOW HITPOINT WARNING * * *
Aiming: Sandblast (safe; 1% risk of failure)
Press: ? - help, Q - select action, (/) - cycle Shift-Dir - straight line, f/p - Edmund
Aim: Edmund, wielding a +8 dire flail of holy wrath and wearing a +0 scale mail (heavily wounded, 85% to hit)
The blast of sand misses Edmund.
Edmund hits you with a +8 dire flail of holy wrath!
You die...

#..!...###
#........#
#........#
#....#@..# ####
#...# #...# #...#
###########...#####
#....@@...'.(......:
#.#########...######
#.# #...# #.# #.....
#.###### ####.>..
#......# .!..#
######.# ....# #.#
...# ###.##


You could see Edmund.

Vanquished Creatures
  A phantom (D:4)
  A kobold brigand (Sewer)
  A necrophage (D:4)
  4 adders
  An ufetubus (D:4)
  2 worms
  3 dart slugs
  3 ball pythons
  4 endoplasms
  3 giant cockroaches
  3 hobgoblins
  4 quokkas
  9 bats
  6 frilled lizards
  2 goblins
  24 kobolds
  7 rats
78 creatures vanquished.

Vanquished Creatures (others)
  A fungus (Sewer)
  3 plants (Sewer)
4 creatures vanquished.

Grand Total: 82 creatures vanquished

Notes
Turn   | Place    | Note
-------+----------+-------------------------------------------
     0 | D:1      | dracfodder the Gargoyle Earth Elementalist began the quest
                  | for the Orb.
     0 | D:1      | Reached XP level 1. HP: 10/10 MP: 3/3
   212 | D:1      | Reached skill level 4 in Earth Magic
   212 | D:1      | Reached XP level 2. HP: 15/15 MP: 3/5
   882 | D:2      | Identified the +1 robe of the Undertaker {rPois Str+3}
   909 | D:2      | Reached XP level 3. HP: 19/19 MP: 4/6
  1060 | D:2      | Learned a level 3 spell: Stone Arrow
  1063 | D:2      | Learned a level 2 spell: Passwall
  1170 | D:2      | Found the +2 ratskin cloak {*Rats rPois rN+ Str-1 Int-1
                  | Dex+1}
  1353 | D:2      | Reached skill level 5 in Earth Magic
  1419 | D:2      | Reached XP level 4. HP: 24/24 MP: 4/7
  1519 | D:2      | Found a faded altar of an unknown god.
  1741 | D:3      | Found a glowing drain.
  1743 | D:3      | Reached skill level 1 in Conjurations
  1748 | Sewer    | Entered a sewer
  1963 | Sewer    | Noticed a kobold brigand
  1967 | Sewer    | Killed a kobold brigand
  1968 | Sewer    | Reached XP level 5. HP: 19/28 MP: 3/9
  2356 | D:3      | Reached skill level 6 in Earth Magic
  3120 | D:4      | Reached XP level 6. HP: 32/32 MP: 5/10
  3236 | D:4      | Noticed Edmund
  3256 | D:4      | Slain by Edmund

Illustrated notes

Levels and vault maps discovered:
D:1:      dpeg_arrival_leaves_temple_mockup, layout_rooms
D:2:      layout_basic, hellmonk_ecumenical_altar_lost_god,
          chequers_serial_rivers_room_a, chequers_serial_rivers_small_3,
          minmay_strange_pillars
D:3:      layout_loops_cross, gup_sewer_entry_glass
D:4:      layout_basic, minmay_temple_entry_wispy, uniq_eustachio, uniq_edmund

Skill      XL: |  1  2  3  4  5 |
---------------+----------------+-----
Earth Magic    | 4 5 6 |  6.7
Conjurations   | 1 2 |  2.2
Spellcasting   | 3 |  3.4
Throwing       | |  0.7
Armour         | |  0.1
Dodging        | |  1.6
Stealth        | |  2.4
Transmutations | |  0.7

Action                   |  1- 3 |  4- 6 || total
-------------------------+-------+-------++-------
Melee: Dagger            |     1 |       ||     1
Throw: Stone             |    15 |     7 ||    22
       Dart              |     9 |     7 ||    16
 Cast: Sandblast         |    35 |    64 ||    99
       Stone Arrow       |       |     6 ||     6
  Use: Scroll            |     8 |     2 ||    10
Armor: Robe              |     3 |    12 ||    15
       Leather armour    |     1 |       ||     1
Dodge: Dodged            |     2 |    31 ||    33

Table legend: (Time is in decaauts)
 A = Elapsed time spent in this place.
 B = Non-inter-level travel time spent in this place.
 C = Inter-level travel time spent in this place.
 D = Time resting spent in this place.
 E = Time spent auto-exploring this place.
 F = Levels seen in this place.
 G = Mean time per level.
                   A        B        C        D        E       F      G
               +--------+--------+--------+--------+--------+-----+--------+
         Total |   3391 |   3315 |     76 |    418 |   2143 |   5 |  678.2 |
       Dungeon |   2809 |   2733 |     76 |    350 |   1875 |   4 |  702.2 |
         Sewer |    582 |    582 |      0 |     68 |    268 |   1 |  582.0 |
               +--------+--------+--------+--------+--------+-----+--------+

Top non-repeatable levels by time:
     D:2: 995 daAuts
     D:3: 867 daAuts
     D:1: 782 daAuts
   Sewer: 582 daAuts
     D:4: 162 daAuts
